Map: Kosmischer Saphir

Players

marauder - Winner!

  • Race: Terran Terran
  • League: Diamond
  • Spawn Location: 5:00

DiabloSV

  • Race: Terran Terran
  • League: Diamond
  • Spawn Location: 11:00

VOD

Have the link to the VOD?

Description

Time

  • Played on: Oct. 14, 2022, 11:31 a.m.
  • Length: 22:42
Show
View Real Time Build Order
Export as new Build Order

marauder Terran - Winner!

Build Orders: Liberator Opening, Reaper Expand 

Get SALT Encoding   

  12  0:00  SCV  
  13  0:12  SCV  
  14  0:17  Supply Depot  
  14  0:24  SCV  
  15  0:38  SCV  
  15  0:40  Barracks  
  16  0:44  Refinery  
  16  0:50  SCV  
  17  1:02  SCV  
  18  1:14  SCV  
  19  1:31  Orbital Command  
  19  1:32  Reaper  
  20  1:42  Supply Depot  
  20  1:54  Command Center  
  20  2:04  SCV  
  21  2:09  Barracks Reactor  
  21  2:17  SCV  
  22  2:25  Factory  
  22  2:29  SCV, Refinery  
  23  2:41  SCV  
  24  2:47  Marine x2  
  26  2:56  SCV  
  27  3:02  Bunker  
  27  3:08  SCV, Factory Tech Lab  
  27  3:11  Starport  
  28  3:13  Marine x2  
  28  3:16  Orbital Command  
  30  3:20  SCV  
  30  3:27  Cyclone  
  34  3:31  Marine x2  
  34  3:32  SCV  
  37  3:48  SCV x2  
  39  3:59  Liberator  
  39  4:00  SCV x2  
  44  4:07  Supply Depot  
  44  4:09  Supply Depot  
  44  4:11  Marine x2  
  46  4:27  Barracks  
  46  4:29  SCV x2, Siege Tank, Barracks  
  51  4:31  Marine, Supply Depot  
  51  4:32  Marine  
  53  4:41  SCV x2  
  55  4:53  SCV x2  
  55  4:55  Refinery x2  
  55  4:59  Engineering Bay  
  57  5:01  Engineering Bay  
  57  5:05  SCV x2  
  59  5:12  Command Center  
  59  5:17  SCV x2, Siege Tank  
  59  5:19  Marine  
  65  5:21  Barracks Tech Lab  
  65  5:29  SCV x2  
  65  5:30  Marine x2  
  69  5:37  Marine  
  67  5:48  Marine  
  60  6:12  Missile Turret  
  60  6:23  Marine x2, Barracks Tech Lab  
  60  6:24  Supply Depot, Viking  
  60  6:25  Planetary Fortress  
  61  6:29  Siege Tank  
  61  6:33  Missile Turret  
  61  6:36  Marauder  
  53  7:00  Marauder, Viking  
  50  7:11  Marauder, Missile Turret  
  50  7:13  Missile Turret  
  52  7:21  Supply Depot  
  52  7:24  Missile Turret  
  52  7:32  Marauder  
  53  7:37  Orbital Command  
  53  7:41  Marauder, Starport Reactor  
  51  7:53  Marauder  
  53  7:59  SCV  
  53  8:02  Marine  
  53  8:06  Cyclone  
  53  8:11  SCV  
  54  8:14  Marauder  
  54  8:18  Viking x2  
  60  8:24  SCV  
  61  8:37  SCV  
  61  8:40  Supply Depot  
  61  8:42  Supply Depot  
  61  8:43  Supply Depot  
  61  8:45  Supply Depot  
  61  8:49  Marine, Marauder  
  61  8:51  Cyclone  
  57  8:58  Orbital Command  
  57  9:07  Marine  
  58  9:11  Marauder  
  58  9:23  Cyclone  
  58  9:24  Marine  
  58  9:27  Viking x2  
  57  9:32  Marauder  
  56  9:43  Marauder  
  58  9:47  Concussive Shells, Combat Shield  
  58  9:53  Marine  
  58  9:55  Siege Tank, Refinery  
  58  9:56  Barracks, Refinery  
  62  10:04  Marine  
  62  10:11  Marauder  
  62  10:13  SCV x2  
  59  10:22  Marauder  
  59  10:25  SCV  
  59  10:26  SCV  
  63  10:28  Siege Tank  
  63  10:32  Marine  
  63  10:33  Command Center  
  67  10:36  Viking x2  
  67  10:38  SCV x2  
  73  10:43  Terran Infantry Weapons Level 1, Marine  
  73  10:48  Barracks  
  74  10:50  Marine  
  75  11:02  Marine  
  75  11:03  Marauder  
  78  11:07  Refinery  
  78  11:08  Marine  
  79  11:14  Refinery, Viking  
  79  11:17  SCV x2  
  83  11:20  Marine  
  83  11:24  Marauder  
  86  11:25  SCV  
  86  11:26  Marauder  
  86  11:29  SCV  
  86  11:30  SCV  
  91  11:38  SCV  
  92  11:40  Supply Depot  
  92  11:41  SCV  
  92  11:45  Barracks Reactor, Barracks Tech Lab  
  92  11:46  Marauder, Stimpack  
  95  11:49  Terran Infantry Armor Level 1  
  95  11:53  SCV x3  
  95  11:54  SCV  
  83  12:04  Marine, Marauder  
  83  12:06  Marine  
  84  12:17  Medivac x2  
  84  12:22  Marauder, Armory  
  90  12:24  Marine  
  90  12:25  Marine  
  88  12:31  Orbital Command  
  88  12:42  Marine, Command Center  
  88  12:43  Marine, Marauder  
  92  12:45  Marine  
  92  12:47  Factory  
  93  12:56  Supply Depot  
  93  13:07  Marine x2  
  93  13:08  Marauder x3  
  101  13:15  Siege Tank  
  101  13:16  Viking  
  101  13:19  Terran Vehicle Weapons Level 1, Supply Depot  
  106  13:25  Marine x2  
  108  13:29  Marine  
  109  13:41  Supply Depot  
  102  13:48  Marine x3, Marauder  
  99  13:49  Marauder  
  99  13:52  Factory Tech Lab  
  104  13:58  Planetary Fortress  
  104  14:03  Missile Turret  
  104  14:06  Marine x2  
  104  14:07  Marauder  
  108  14:10  Marauder x2  
  108  14:12  Siege Tank  
  115  14:24  Marine x2  
  116  14:25  Missile Turret  
  116  14:28  Marauder  
  116  14:31  Marine, Marauder  
  118  14:41  Marine  
  100  14:45  Marine  
  100  14:49  Marauder x2  
  100  14:51  Viking  
  100  14:52  Marine, Viking  
  99  14:53  Siege Tank x2  
  99  14:59  Marine  
  106  15:01  Refinery  
  106  15:02  Refinery  
  106  15:03  Marine  
  106  15:10  Marine, Marauder  
  106  15:11  Marauder  
  107  15:17  Barracks  
  107  15:18  Supply Depot  
  107  15:19  Barracks  
  107  15:21  SCV x4, Viking  
  107  15:22  SCV, Barracks, Viking  
  107  15:24  Supply Depot  
  107  15:25  Siege Tank x2  
  122  15:29  Marauder  
  122  15:32  Missile Turret  
  122  15:33  SCV x2  
  126  15:37  Missile Turret  
  126  15:40  Marine  
  126  15:41  Marine, Marauder x2  
  126  15:42  Supply Depot  
  107  15:57  Siege Tank x2  
  113  16:06  Barracks Tech Lab  
  113  16:07  Barracks Reactor  
  113  16:08  Barracks Tech Lab  
  113  16:09  Terran Infantry Armor Level 2, Terran Infantry Weapons Level 2  
  111  16:20  Medivac x2  
  109  16:25  Marine  
  109  16:26  Marine x3, Marauder x3  
  109  16:29  Siege Tank x2  
  117  16:43  Marine x2  
  117  16:44  Marauder  
  117  16:45  Marauder  
  123  16:47  Marine x2  
  123  16:50  Medivac x2  
  129  16:55  Marine, Marauder  
  132  17:01  Siege Tank x2  
  132  17:05  Marauder x2  
  140  17:21  Marine x4, Marauder x3  
  139  17:27  Marauder x2  
  117  17:33  Siege Tank x2  
  117  17:34  Medivac, Viking  
  112  17:38  Marine x2  
  112  17:42  Marauder  
  112  17:43  Marauder  
  114  17:51  Marine x2, Marauder x2  
  116  17:52  Marauder  
  122  18:04  Viking  
  124  18:05  Siege Tank  
  124  18:06  Siege Tank  
  124  18:10  Marine  
  124  18:11  Marine x3, Marauder x2  
  124  18:12  Marine  
  140  18:13  Marauder x2  
  143  18:28  Marine x2  
  143  18:29  Marine  
  143  18:30  Command Center  
  143  18:31  Marauder  
  143  18:32  Marauder  
  140  19:09  Marine x5, Marauder  
  136  19:10  Marauder x3  
  129  19:27  Marine x4  
  129  19:28  Marauder  
  129  19:31  Marauder x4  
  132  19:35  Siege Tank  
  115  19:44  Marine  
  115  19:45  Marine x3  
  119  19:49  Marauder  
  119  19:52  Marine, Marauder x2  
  125  19:53  Marauder  
  125  19:57  Planetary Fortress  
  125  20:02  Marine x2, Missile Turret  
  125  20:03  Marine x2, Refinery  
  129  20:10  Marauder  
  129  20:11  Marauder  
  129  20:13  Marine  
  129  20:14  Marauder x2  
  132  20:16  Terran Vehicle Weapons Level 2  
  132  20:20  Marine x3  
  135  20:22  Refinery  
  135  20:25  Supply Depot  
  135  20:32  Marauder x2, Hellion x2  
  135  20:34  Viking  
  143  20:47  Marine x2  
  143  20:48  Marine x2, Marauder x3  
  149  20:52  Marine  
  149  20:53  Marauder, Hellion  
  152  21:05  Marine x3  
  152  21:09  Marauder  
  152  21:10  Marine x2  
  152  21:11  Marauder x2  
  155  21:14  Marauder  
  155  21:23  Marine x3  
  142  21:28  Marine  
  142  21:29  Marauder  
  142  21:31  Marauder  
  142  21:32  Marauder x2  
  122  21:35  Marine  
  108  21:40  Viking  
  108  21:41  Marine x3  
  108  21:46  Marine, Missile Turret  
  114  21:50  Marauder  
  114  21:52  Marauder  
  114  21:53  Marine, Marauder x2  
  120  21:57  Missile Turret  
  120  21:59  Marine x3  
  123  22:03  Marine  
  123  22:05  Medivac  
  126  22:10  Medivac  
  126  22:11  Marauder x2  
  126  22:13  Marauder  
  134  22:25  Command Center  
Show
View Real Time Build Order
Export as new Build Order

DiabloSV Terran 

Build Orders:  

Get SALT Encoding   

  12  0:00  SCV  
  13  0:12  SCV  
  14  0:21  Supply Depot  
  14  0:24  SCV  
  15  0:29  Refinery  
  15  0:43  SCV  
  15  0:44  Barracks  
  16  0:53  Refinery  
  16  0:55  SCV  
  17  1:07  SCV  
  18  1:19  SCV  
  19  1:30  Supply Depot  
  19  1:31  SCV, Marine  
  21  1:41  Factory  
  21  1:56  Orbital Command  
  21  2:04  Marine  
  21  2:16  Supply Depot  
  21  2:21  Marine  
  22  2:24  Factory Tech Lab  
  22  2:39  Marine, Starport  
  23  2:46  Siege Tank  
  23  2:51  SCV  
  27  3:00  Marine  
  27  3:03  SCV  
  29  3:15  SCV, Starport Reactor  
  30  3:20  Siege Tank  
  30  3:22  Supply Depot  
  30  3:25  Marine  
  34  3:29  SCV  
  35  3:41  SCV  
  36  3:52  Viking  
  36  3:53  Viking  
  36  3:54  Siege Tank  
  43  3:58  Marine  
  44  4:03  Supply Depot  
  44  4:07  SCV  
  45  4:16  Marine  
  46  4:24  Liberator  
  49  4:36  Viking  
  51  4:56  Command Center  
  51  5:02  Engineering Bay  
  51  5:12  SCV  
  49  5:23  Viking  
  47  5:32  Marine  
  47  5:50  Marine  
  45  6:15  Marine  
  45  6:16  SCV  
  46  6:29  SCV  
  42  6:45  Siege Tank  
  42  6:46  SCV  
  46  6:51  Orbital Command  
  43  6:58  SCV  
  43  7:10  SCV  
  44  7:17  Siege Tank  
  44  7:22  SCV  
  45  7:34  SCV  
  42  7:46  Barracks Tech Lab  
  42  7:47  SCV  
  42  7:50  Siege Tank, Viking  
  48  7:51  Barracks  
  48  7:52  SCV  
  46  7:59  SCV  
  46  8:22  Siege Tank  
  46  8:23  Marine  
  50  8:35  SCV  
  50  8:36  SCV  
  50  8:41  Marine  
  52  8:48  SCV  
  51  8:49  SCV  
  51  8:54  Siege Tank  
  53  9:00  SCV, Barracks Reactor, Marauder  
  53  9:01  SCV  
  57  9:04  Barracks  
  57  9:06  Factory  
  57  9:09  Factory  
  57  9:12  SCV, Refinery  
  57  9:13  SCV, Refinery  
  52  9:24  SCV  
  52  9:25  SCV  
  52  9:29  Viking  
  55  9:36  SCV  
  56  9:39  Marine  
  56  9:40  Marine, Combat Shield  
  56  9:43  SCV  
  59  9:48  SCV  
  59  9:51  Supply Depot  
  52  10:17  Marine x2  
  52  10:18  Marauder  
  52  10:19  Barracks Tech Lab  
  52  10:21  Factory Tech Lab x2  
  56  10:22  Barracks  
  56  10:25  SCV x2  
  58  10:29  Siege Tank  
  58  10:35  Marine x2  
  63  10:38  Command Center  
  63  10:39  SCV x2, Marauder  
  67  10:45  Supply Depot  
  67  10:51  SCV x2, Viking  
  67  10:54  Viking  
  73  11:02  Marauder, Concussive Shells  
  73  11:03  SCV  
  73  11:04  Stimpack  
  74  11:07  Marauder  
  76  11:16  SCV  
  76  11:17  SCV  
  78  11:29  Marine x2  
  80  11:36  Marine, Marauder  
  83  11:40  Siege Tank  
  83  11:45  Armory, Supply Depot  
  83  11:47  Barracks Tech Lab  
  86  11:49  Marine, Supply Depot  
  86  11:50  Siege Tank  
  77  12:06  Viking  
  77  12:07  Viking  
  72  12:14  SCV x2  
  72  12:15  Siege Tank  
  73  12:36  Viking  
  75  12:39  Viking  
  75  12:43  Starport  
  77  12:45  Supply Depot, Starport  
  77  12:50  Command Center  
  77  12:55  Planetary Fortress  
  77  12:59  Missile Turret  
  77  13:07  Viking  
  77  13:09  Viking  
  81  13:17  Missile Turret  
  81  13:18  SCV x2  
  83  13:24  Sensor Tower  
  83  13:30  SCV x2  
  84  13:39  SCV, Missile Turret  
  82  13:42  SCV x2  
  82  13:47  Siege Tank x2  
  82  13:48  Marauder x2  
  94  13:53  Viking  
  94  13:54  Viking  
  98  13:59  SCV  
  98  14:00  SCV x2  
  101  14:10  Siege Tank  
  101  14:12  SCV x3  
  101  14:16  Starport Reactor, Starport Tech Lab  
  107  14:19  Siege Tank, Supply Depot x2  
  107  14:23  Marine x2, Viking  
  107  14:24  SCV x3, Marine, Marauder x2  
  122  14:36  SCV x3  
  125  14:41  Marine x2  
  125  14:42  Marine  
  125  14:45  Marauder x2, Siege Tank  
  114  14:46  Siege Tank  
  114  14:48  SCV x2  
  114  14:52  Siege Tank  
  119  14:59  Marine x3  
  121  15:06  SCV x3  
  125  15:09  Refinery  
  125  15:15  Marine, Marauder  
  125  15:17  Marine x3, Siege Tank  
  125  15:18  SCV, Siege Tank  
  138  15:30  SCV  
  138  15:31  Siege Tank  
  138  15:33  Marine, Missile Turret  
  143  15:42  SCV  
  126  15:49  Marine x2, Marauder x2  
  123  15:54  Missile Turret  
  123  16:00  Marauder  
  123  16:01  Siege Tank x2  
  131  16:06  Marine x2  
  131  16:07  Factory  
  131  16:10  Marine, Marauder, Refinery  
  137  16:14  Refinery  
  137  16:17  Refinery  
  123  16:27  Viking x2  
  119  16:41  Siege Tank  
  119  16:43  SCV  
  123  16:53  Factory Tech Lab  
  123  16:56  SCV, Factory  
  123  16:57  Command Center  
  123  16:58  Thor  
  123  17:09  Marine  
  123  17:10  Marine x2, Marauder x2, Command Center  
  130  17:16  Viking  
  126  17:27  Marine x2, Thor  
  113  17:39  Siege Tank x2  
  113  17:43  Viking  
  121  17:46  Marine, Marauder  
  121  17:50  Marine x2  
  121  17:51  Marine  
  127  18:04  Marine, Factory Tech Lab  
  125  18:06  Marine  
  125  18:12  Viking x2  
  130  18:18  Viking  
  130  18:19  Viking  
  134  18:21  Planetary Fortress  
  134  18:25  Refinery  
  134  18:27  Refinery  
  134  18:30  Viking  
  134  18:33  Siege Tank  
  139  18:36  Marine x3  
  142  18:47  Siege Tank  
  143  18:57  Marine x5  
  143  19:01  Viking  
  150  19:06  Siege Tank  
  119  19:14  Marine  
  119  19:15  Marine x4  
  117  19:32  Marine x2  
  117  19:33  Marine  
  117  19:35  Marine x2  
  117  19:36  Siege Tank  
  117  19:37  Siege Tank x3  
  125  19:43  Planetary Fortress  
  120  19:50  Marine x3  
  120  19:53  Marine x2  
  122  20:08  Marine x2  
  122  20:09  Marauder  
  122  20:11  Marine, Marauder  
  129  20:24  SCV  
  129  20:26  SCV x2, Marine x2  
  129  20:27  SCV, Refinery  
  135  20:28  Marine  
  135  20:30  Marine  
  135  20:32  Marine  
  138  20:36  SCV  
  138  20:38  SCV  
  138  20:39  SCV  
  137  20:44  Marine x2  
  137  20:46  Marine  
  137  20:48  SCV, Marauder  
  107  20:50  Marauder  
  103  20:58  Siege Tank x4  
  103  21:00  SCV  
  103  21:01  Marine x2  
  104  21:18  Marine  
  104  21:19  Marine x2, Marauder x2  
  108  21:30  Siege Tank  
  89  21:36  Marine  
  80  21:42  Marine x3  
  74  22:00  Refinery  
  74  22:08  Siege Tank x2  
  74  22:15  Command Center  
  80  22:25  Missile Turret  
Tags
 
Add a new tag
Caveats
  • Supply blocks, unpowered buildings, or Contaminate may cause inaccurate times.
  • Supply counts are checked every 10 seconds.